 Dungeon Crawl Stone Soup version 0.31.0-2-g5a2aebc5c2 (webtiles) character file.

Game seed: 10681484326368343032

1058 Cheops the Spear-Bearer (level 8, 0/63 HPs)
             Began as a Formicid Fighter on Jan 20, 2024.
             Succumbed to a scorpion's poison
             ... on level 5 of the Dungeon.
             The game lasted 00:07:54 (3960 turns).

Cheops the Spear-Bearer (Formicid Fighter)          Turns: 3960, Time: 00:07:55

Health: 0/63       AC: 10    Str: 21 (22) XL:     8   Next: 51%
Magic:  8/8        EV:  7    Int:  8 (9)  God:
Gold:   224        SH:  5    Dex: 11 (13) Spells: 7/7 levels left

rFire   + . .        a - +1 trident
rCold   + . .        c - +1 buckler
rNeg    . . .        v - +0 chain mail {Will+}
rPois   +            (helmet unavailable)
rElec   +            (no cloak)
rCorr   +            (no gloves)
SInv    +            i - +0 pair of boots
Will    ++...        (no amulet) Stlth
                     (no ring)
HPRegen 0.30/turn    (no ring)
MPRegen 0.11/turn

%: no passive effects
@: brilliant, lethally poisoned (0 -> -1), resistant, attractive, invisible
A: permanent stasis, dig shafts and tunnels, antennae 3, four strong arms,
strong-willed 1, robust 1
a: Dig, Shaft Self


You were on level 5 of the Dungeon.
You visited 1 branch of the dungeon, and saw 6 of its levels.

You collected 224 gold pieces.

Inventory:

Hand Weapons
 a - a +1 trident (weapon)
Armour
 b - a +0 scale mail
 c - a +1 buckler (worn)
 i - a +0 pair of boots (worn)
 v - a +0 chain mail of willpower (worn)
Jewellery
 k - an amulet of faith
 n - a +6 ring of strength
Wands
 d - a wand of flame (18)
 s - a wand of roots (13)
Scrolls
 h - a scroll of identify
 j - 2 scrolls of fog
 l - a scroll of blinking
Potions
 f - a potion of mutation
 r - a potion of brilliance


   Skills:
 - Level 3.2 Fighting
 + Level 9.7 Polearms
 - Level 3.2 Armour
 - Level 4.0 Shields


You had 7 spell levels left.
You didn't know any spells.
Your spell library contained the following spells:

 Spells                   Type           Power      Damage    Failure   Level
 Ensorcelled Hibernation  Hex/Ice        0%         N/A       99%         2
 Jinxbite                 Hex            0%         N/A       99%         2
 Fugue of the Fallen      Necr           0%         N/A       100%        3
 Anguish                  Hex/Necr       0%         N/A       100%        4
 Yara's Violent Unravell  Hex/Alch       0%         3d3       100%        5
 Enfeeble                 Hex            0%         N/A       100%        7


Dungeon Overview and Level Annotations

Branches:
Dungeon (6/15)             Temple (0/1) D:5

Altars:
Fedhas
Gozag
Hepliaklqana
Ru
Sif Muna
Uskayaw
Wu Jian
Yredelemnul

Shops:
D:2 :   D:3 *   D:6 =

Annotations:
D:4 1 runed translucent door, SnakkuSnakku7's ghost, amateur FoCA


Innate Abilities, Weirdness & Mutations

You cannot be hasted, slowed, berserked, paralysed or teleported.
You can dig through walls and to a lower floor.
You have a pair of large antennae on your head. (SInv)
Your four strong arms can wield two-handed weapons with a shield.
You are strong-willed. (Will+)
You are robust. (+10% HP)


Message History

It was a potion of brilliance.
You feel clever all of a sudden.
* * * LOW HITPOINT WARNING * * *
You feel sick. You block the scorpion's attack.
The orc hits you but does no damage.
Unknown command.
Unknown command.
Unknown command.
It was a potion of degeneration.
There was something very wrong with that liquid.
You feel weakened.
You feel dopey.
You feel clumsy.
* * * LOW HITPOINT WARNING * * *
You feel sick. You block the scorpion's attack.
The orc hits you but does no damage. The scorpion stings you.
* * * LOW HITPOINT WARNING * * *
Unknown command.
Unknown command.
Unknown command.
It was a potion of resistance.
You feel protected.
* * * LOW HITPOINT WARNING * * *
You feel sick.
Your butterfly disappears in a burst of colours!
You block the orc's attack. You block the scorpion's attack.
Unknown command.
Unknown command.
Unknown command.
It was a potion of attraction.
You feel attractive to monsters.
* * * LOW HITPOINT WARNING * * *
You feel sick.
Your butterfly disappears in a burst of colours!
The orc closely misses you.
The scorpion stings you but does no damage.
Unknown command.
Unknown command.
Unknown command.
It was a potion of invisibility.
You fade into invisibility!
You die...

..... #....#########...
P... ####.o...........
~.. #......#####.. ~~
####.#### ##{# ≈ ####
#....# #.## ..#
####.###.# ..######.#
#..o.##..#
P......#Z#####....##.##
#..@o.........##.###
.......s.P..........[..#
..###.._.P..PP..#b.###..
.......P..PPb.b>## ..
#.##.PPPP..PP{{b## §. #
#....bb.PPb{.# .>
#.......PP.{... { ..
...PPPPPPP[..## ..


PP... ## You could see a scorpion (unable to see you), an orc (unable to see
you) and a hound skeleton (unable to see you).

Vanquished Creatures
  Grinder (D:3)
  A water moccasin (D:6)
  A black bear (D:6)
  Blork the orc (D:5)
  4 scorpions
  A water moccasin zombie (D:4)
  A bombardier beetle (D:4)
  A gnoll bouda (D:3)
  A hound (D:5)
  Ijyb (D:3)
  An iguana (D:4)
  Robin (D:3)
  3 gnolls (D:3)
  3 adders
  A white imp (D:6)
  2 dart slugs (D:3)
  2 ribbon worms
  4 orcs
  7 ball pythons
  5 bats
  5 endoplasms
  3 giant cockroaches
  8 goblins
  8 hobgoblins
  2 jackals (D:1)
  4 quokkas
  7 frilled lizards
  5 kobolds (D:3)
  A quokka zombie (D:4)
  6 rats
91 creatures vanquished.

Notes
Turn   | Place    | Note
-------+----------+-------------------------------------------
     0 | D:1      | Cheops the Formicid Fighter began the quest for the Orb.
     0 | D:1      | Reached XP level 1. HP: 18/18 MP: 1/1
    96 | D:1      | Reached XP level 2. HP: 13/24 MP: 2/2
   238 | D:1      | Reached skill level 3 in Polearms
   311 | D:1      | Reached XP level 3. HP: 29/29 MP: 3/3
   495 | D:2      | Found Qoawixea's Book Shop.
  1364 | D:3      | Reached skill level 4 in Polearms
  1364 | D:3      | Reached XP level 4. HP: 32/35 MP: 4/4
  1393 | D:3      | Noticed Robin
  1409 | D:3      | Killed Robin
  1585 | D:3      | Noticed Ijyb
  1604 | D:3      | Killed Ijyb
  1628 | D:3      | Reached XP level 5. HP: 16/41 MP: 5/5
  1733 | D:3      | Found Adaar's General Store.
  1907 | D:3      | Noticed Grinder
  1925 | D:3      | Killed Grinder
  1926 | D:3      | Reached skill level 6 in Polearms
  1926 | D:3      | Reached XP level 6. HP: 47/47 MP: 6/6
  2109 | D:3      | Found a hazy altar of Hepliaklqana.
  2220 | D:3      | Gained mutation: You are robust. (+10% HP) [potion of
                  | mutation]
  2220 | D:3      | Gained mutation: You are strong-willed. (Will+) [potion of
                  | mutation]
  2255 | D:3      | Reached XP level 7. HP: 17/55 MP: 7/7
  2433 | D:3      | Reached skill level 7 in Polearms
  3041 | D:4      | Found a hide-covered altar of Uskayaw.
  3049 | D:4      | Found an opulent altar of Gozag.
  3401 | D:4      | Found a blossoming altar of Fedhas.
  3443 | D:4      | Reached skill level 8 in Polearms
  3443 | D:4      | Found a basalt altar of Yredelemnul.
  3574 | D:4      | Found a sacrificial altar of Ru.
  3620 | D:4      | Found a runed translucent door.
  3622 | D:4      | Noticed SnakkuSnakku7's ghost (amateur FoCA)
  3719 | D:5      | Entered Level 5 of the Dungeon
  3724 | D:5      | Reached XP level 8. HP: 59/63 MP: 8/8
  3738 | D:5      | Found a shimmering blue altar of Sif Muna.
  3772 | D:5      | Found a staircase to the Ecumenical Temple.
  3772 | D:5      | Noticed Blork the orc
  3782 | D:5      | Killed Blork the orc
  3791 | D:5      | Found an ornate altar of the Wu Jian Council.
  3812 | D:5      | You fall into a shaft and drop 1 floor!
  3864 | D:6      | Reached skill level 9 in Polearms
  3910 | D:6      | Found Qeomny's Jewellery Shoppe.
  3957 | D:5      | HP: 3/63 [scorpion (1)]
  3959 | D:5      | HP: 1/63 [poisoned by a scorpion]
  3960 | D:5      | Succumbed to a scorpion's poison

Illustrated notes

Levels and vault maps discovered:
D:1:      minmay_arrival_four_circles, layout_rooms,
          chequers_serial_rivers_small_a
D:2:      layout_loops_corners, serial_shops, shop
D:3:      layout_loops_cross, nzn_hepliaklqana_mist_gate, serial_shops,
          nicolae_shop_trees, lemuel_flame_loot_1, uniq_ijyb, uniq_robin,
          uniq_grinder
D:4:      layout_rooms, lemuel_zombie_altar_yredelemnul,
          mainiacjoe_overflow_catwalk_spiral, fedhas_altar_2,
          nicolae_ru_the_path_less_chosen, ebering_ghost_inner_flame
D:5:      layout_basic, mainiacjoe_overflow_chevrons,
          makhleb_blood_cavern_becter, mainiacjoe_overflow_catwalk,
          lemuel_tele_altar, amcnicky_altar_gilded,
          minmay_temple_entry_purple_smoke, gup_sewer_entry_pipe,
          guppyfry_early_lair_pool, uniq_blork_the_orc
D:6:      layout_cave_pools, kennysheep_little_box, serial_shops,
          nicolae_shop_waterfront, uniq_jeremiah, uniq_sigmund,
          uniq_prince_ribbit1, uniq_pikel

Skill      XL: |  1  2  3  4  5  6  7  8 |
---------------+-------------------------+-----
Polearms       | 3 4 6 8 9 |  9.7
Fighting       | |  3.2
Armour         | |  3.2
Shields        | |  4.0

Action                     |  1- 3 |  4- 6 |  7- 9 || total
---------------------------+-------+-------+-------++-------
  Melee: Trident           |   107 |   121 |   165 ||   393
Ability: Dig               |       |     1 |       ||     1
         Shaft Self        |       |       |     1 ||     1
    Use: Scroll            |     1 |       |     6 ||     7
         Potion            |       |     5 |     7 ||    12
 Armour: Scale mail        |    69 |    59 |    10 ||   138
         Chain mail        |       |       |    85 ||    85
  Dodge: Dodged            |    29 |    30 |    51 ||   110
  Block: Buckler           |    25 |    19 |    35 ||    79
